 Dungeon Crawl Stone Soup version 0.30-a0-605-gb2882149bf (webtiles) character file.

Game seed: 13179713171381482234

36310 wormed the Transmogrifier (level 13, 0/88 HPs)
             Began as an Octopode Transmuter on Jan 7, 2023.
             Was an Initiate of Gozag.
             Killed by a magical explosion (39 damage)
             ... on level 3 of the Lair of Beasts.
             The game lasted 00:29:18 (17443 turns).

wormed the Transmogrifier (Octopode Transmuter)    Turns: 17443, Time: 00:29:18

Health: 0/88       AC:  1    Str: 15    XL:     13   Next: 89%
Magic:  7/25       EV: 16    Int: 20    God:    Gozag
Gold:   1764       SH:  0    Dex: 13    Spells: 15/28 levels left

rFire   + . .      SeeInvis +    l - staff of air
rCold   x . .      Faith    .    (no shield)
rNeg    + + .      Spirit   .    (helmet restricted)
rPois   +          Reflect  .    h - amulet of regeneration
rElec   +          Harm     .    q - ring of the Cast Vote {rPois rCorr}
rCorr   +          Rampage  .    y - +6 ring of strength
Will    .....                    i - ring of see invisible
Stlth   +                        B - ring of positive energy
HPRegen 1.14/turn                D - ring of positive energy
MPRegen 0.19/turn                G - ring of fire
                                 (no ring)
                                 (no ring)

@: heavily contaminated, glowing, studying Evocations
A: almost no armour, amphibious, 8 rings, camouflage 1, gelatinous body 1,
(nimble swimmer 1), tentacles
a: Renounce Religion, Potion Petition, Call Merchant, Bribe Branch


You were on level 3 of the Lair of Beasts.
You worshipped Gozag.
Gozag was most pleased with you.
You visited 3 branches of the dungeon, and saw 15 of its levels.
You also visited: Sewer.

You collected 3510 gold pieces.
You spent 484 gold pieces at shops.
You paid 1262 gold pieces to Gozag.

Inventory:

Magical Staves
 l - a staff of air (weapon)
Jewellery
 h - an amulet of regeneration (around mantle)
 i - a ring of see invisible (on tentacle)
 q - the ring of the Cast Vote (left tentacle) {rPois rCorr}
   (You found it on level 4 of the Dungeon)

   [ring of poison resistance]

   rPois:     It protects you from poison.
   rCorr:     It protects you from acid and corrosion.
 y - a +6 ring of strength (right tentacle)
 B - a ring of positive energy (on tentacle)
 C - a ring of flight
 D - a ring of positive energy (on tentacle)
 G - a ring of fire (on tentacle)
Wands
 j - a wand of light (6)
 u - a wand of mindburst (1)
 E - a wand of polymorph (13)
Scrolls
 b - 10 scrolls of teleportation
 d - 3 scrolls of poison
 k - 4 scrolls of enchant armour
 n - 2 scrolls of fog
 p - 2 scrolls of immolation {unknown}
 r - 5 scrolls of magic mapping
 s - a scroll of blinking
 t - 3 scrolls of enchant weapon
 v - 3 scrolls of amnesia
 w - a scroll of identify
 A - a scroll of fear {unknown}
 I - 3 scrolls of brand weapon
 J - a scroll of torment {unknown}
Potions
 a - 2 potions of lignification
 c - 5 potions of haste
 e - 5 potions of mutation
 f - 10 potions of curing
 g - a potion of cancellation
 m - a potion of heal wounds {unknown}
 o - 2 potions of brilliance
 z - 2 potions of attraction
 F - a potion of invisibility {unknown}
 H - 2 potions of ambrosia {unknown}


   Skills:
 - Level 7.6 Fighting
 - Level 7.9 Dodging
 - Level 8.1 Unarmed Combat
 + Level 8.0 Spellcasting
 * Level 12.2 Transmutations
 - Level 4.0 Ice Magic
 * Level 11.8 Air Magic


You had 15 spell levels left.
You knew the following spells:

 Your Spells              Type           Power      Damage    Failure   Level
a - Ice Form              Ice/Tmut       40%        N/A       3%          4
b - Wereblood             Tmut           54%        N/A       1%          2
z - Storm Form            Tmut/Air       35%        N/A       45%         7

Your spell library contained the following spells:

 Spells                   Type           Power      Damage    Failure   Level
 Beastly Appendage        Tmut           100%       N/A       1%          1
 Sting                    Tmut/Pois      100%       1d8       1%          1
 Passwall                 Tmut/Erth      26%        N/A       1%          2
 Poisonous Vapours        Pois/Air       94%        N/A       1%          2
 Spider Form              Tmut/Pois      32%        N/A       1%          3
 Swiftness                Air            70%        N/A       1%          3
 Cigotuvi's Dreadful Rot  Necr/Pois/Air  70%        N/A       2%          2
 Ignite Poison            Fire/Tmut/Pois 36%        N/A       4%          3
 Kindle Blastsparks       Fire/Tloc/Air  100%       2d18      4%          3
 Ozocubu's Armour         Ice            24%        N/A       4%          3
 Ensorcelled Hibernation  Hex/Ice        32%        N/A       5%          2
 Apportation              Tloc           16%        N/A       9%          1
 Necrotise                Necr           32%        1d5       9%          1
 Summon Small Mammal      Summ           32%        N/A       9%          1
 Inner Flame              Hex/Fire       12%        N/A       26%         3
 Vampiric Draining        Necr           8%         2d6       26%         3
 Freezing Cloud           Conj/Ice/Air   21%        6-21      26%         5
 Cause Fear               Hex            4%         N/A       63%         4
 Dispel Undead            Necr           8%         3d8       63%         4
 Leda's Liquefaction      Hex/Erth       4%         N/A       63%         4
 Manifold Assault         Tloc           8%         N/A       63%         4
 Olgreb's Toxic Radiance  Pois           8%         N/A       63%         4
 Metabolic Englaciation   Hex/Ice        8%         N/A       71%         5
 Statue Form              Tmut/Erth      21%        N/A       71%         6
 Agony                    Necr           8%         N/A       93%         5
 Borgnjor's Vile Clutch   Necr/Erth      4%         N/A       93%         5
 Lee's Rapid Deconstruct  Erth           4%         3d5*      93%         5
 Death Channel            Necr           4%         N/A       100%        6
 Dispersal                Tloc           4%         N/A       100%        6
 Discord                  Hex            4%         N/A       100%        8
 Disjunction              Tloc           4%         N/A       100%        8
 Lehudib's Crystal Spear  Conj/Erth      4%         10d3      100%        8
 Animate Dead             Necr           Unusable   N/A       N/A         4
 Simulacrum               Ice/Necr       Unusable   N/A       N/A         6

Dungeon Overview and Level Annotations

Branches:
Dungeon (11/15)            Temple (1/1) D:7            Lair (3/5) D:11
  Swamp (0/4) Lair:2        Snake (0/4) Lair:2        Sewer (visited)
    Orc: D:9-12

Altars:
Cheibriados
Gozag
Hepliaklqana
Sif Muna
Trog
Vehumet
Wu Jian
The Shining One

Shops:
D:2 ?   D:7 :   D:9 [   D:10 *   Temple (

Annotations:
D:9 4 transporters
Lair:2 1 runed translucent door


Innate Abilities, Weirdness & Mutations

You cannot wear most types of armour.
You are amphibious.
You can wear up to eight rings at the same time.
Your skin changes colour to match your surroundings (Stealth+).
Your rubbery body absorbs attacks. (AC +1, EV +1)
((You are camouflaged when in or above water. (Stealth+)))
You have tentacles for arms and can constrict up to eight enemies at once.


Message History

The spell is quite dangerous to miscast (45% risk of failure)!
Continue anyway?
You feel a surge of power!
You miscast Storm Form.
Electricity courses through your body! You resist.
Casting: Storm Form (quite dangerous; 45% risk of failure)
Confirm with . or Enter, or press ? or * to list all spells.
The spell is quite dangerous to miscast (45% risk of failure)!
Continue anyway?
You feel a surge of power!
You miscast Storm Form.
You feel a strange surge of energy.
You are heavily infused with residual magic.
You barely miss the cane toad. Your grab misses the cane toad.
The cane toad stings you!!
You hit the cane toad but do no damage.
The cane toad is electrocuted!
You grab the cane toad. You tentacle-slap the cane toad.
The cane toad is moderately wounded.
You constrict the cane toad. The cane toad stings you!!
The cane toad barely misses you.
Throw: 2 throwing nets
Press: ? - help, Q - select action, (/) - cycle Shift-Dir - straight line, f - cane toad
Aim: a cane toad (heavily wounded, constricted by you, 93% to hit)
You throw a throwing net.
The throwing net barely misses the cane toad.
You constrict the cane toad. The cane toad stings you!
Throw: throwing net
Press: ? - help, Q - select action, (/) - cycle Shift-Dir - straight line, f/p - cane toad
Aim: a cane toad (heavily wounded, constricted by you, 93% to hit)
You throw a throwing net. The throwing net hits the cane toad.
The cane toad is caught in the net!
The cane toad is heavily wounded.
You constrict the cane toad.
The cane toad struggles against the net.
You release your grip on the cane toad.
The cane toad struggles against the net.
The cane toad struggles against the net.
The cane toad struggles against the net. x2
The cane toad struggles against the net.
The net rips apart, and the cane toad comes free!
Your body shudders with the violent release of wild energies!
The magical storm engulfs you!!!
You feel a terrible chill!
You die...
Your body crumbles into a pile of gold.

#.(...# #.... ##...#####...
#...# ##..# ##..##....8....#
#..###...# #P...##.......##
#........# #.....#..<..#..
##........# ##......#.###...
#...##F...###...............
##...###...###............<.
#..## #...#...............#
##..####...@...............#
#....^...........###.###....
##........#.....## ### #P...
#...###...##...# ##...
#..###...###...# #... #...
##..####..# #P... #...
#....P##..# ##... #..#
#...P###..# P... #..# ##..P#
#..# ##...


You could see a cane toad.

Vanquished Creatures
  2 hydras (Lair:2)
  Erica (D:8)
  A centaur warrior (D:8)
  A two-headed ogre (D:11)
  A cyclops (D:11)
  5 black mambas
  2 cane toads
  A rime drake (Lair:2)
  A kobold demonologist (D:9)
  3 komodo dragons
  2 polar bears
  13 blink frogs
  A hornet (D:9)
  Sigmund (D:3)
  6 wyverns
  A shadow (D:10)
  21 yaks
  2 wraiths (D:11)
  A basilisk (Lair:1)
  A vampire mosquito (D:8)
  A human (Lair:2)
  2 nagas (Lair:2)
  10 water moccasins
  A swamp drake (Lair:2)
  6 black bears
  A sky beast (D:8)
  4 ice beasts
  2 orc warriors
  An ogre (D:5)
  5 wolves
  6 centaurs
  A phantom (D:6)
  18 kobold brigands
  10 bullfrogs
  2 necrophages
  A gnoll sergeant (D:7)
  A scorpion (D:5)
  9 wights
  4 killer bees (D:9)
  5 howler monkeys
  An electric eel (Lair:3)
  A jelly (D:5)
  5 orc priests
  3 hounds
  Crazy Yiuf (D:4)
  2 gnoll boudas (D:6)
  Terence (D:2)
  6 iguanas
  Ijyb (D:4)
  3 orc wizards
  12 adders
  15 gnolls
  6 river rats (D:5)
  3 shadow imps
  2 white imps
  2 ufetubi (D:5)
  3 worms
  A dart slug (D:5)
  28 orcs
  6 bats
  17 endoplasms
  12 giant cockroaches
  13 goblins
  7 hobgoblins
  3 jackals (D:4)
  17 quokkas
  11 ball pythons
  14 frilled lizards
  36 kobolds
  17 rats
406 creatures vanquished.

Vanquished Creatures (collateral kills)
  A centaur (D:7)
1 creature vanquished.

Vanquished Creatures (others)
  2 centaurs (D:7)
  A bush (Lair:2)
  10 fungi
  23 plants
36 creatures vanquished.

Grand Total: 443 creatures vanquished

Notes
Turn   | Place    | Note
-------+----------+-------------------------------------------
     0 | D:1      | wormed the Octopode Transmuter began the quest for the Orb.
     0 | D:1      | Reached XP level 1. HP: 13/13 MP: 3/3
   158 | D:1      | Reached XP level 2. HP: 18/18 MP: 3/5
   212 | D:1      | Learned a level 2 spell: Wereblood
   472 | D:1      | Reached XP level 3. HP: 23/23 MP: 2/6
   684 | D:1      | Reached skill level 1 in Ice Magic
  1004 | D:2      | Identified the +1 robe of Xibea {MP+9 Slay+5}
  1174 | D:2      | Noticed Terence
  1183 | D:2      | Killed Terence
  1184 | D:2      | Reached XP level 4. HP: 22/28 MP: 4/7
  1338 | D:2      | Found a bloodstained altar of Trog.
  1584 | D:2      | Reached skill level 3 in Transmutations
  1672 | D:2      | Found Jeuthrocs's Magic Scroll Boutique.
  2295 | D:3      | Noticed Sigmund
  2306 | D:3      | Learned a level 4 spell: Ice Form
  2440 | D:3      | Killed Sigmund
  2441 | D:3      | Reached XP level 5. HP: 34/34 MP: 4/9
  2441 | D:3      | Reached XP level 6. HP: 39/39 MP: 4/10
  2823 | D:3      | Identified a scroll of acquirement
  2823 | D:3      | Acquired 739 gold pieces
  3162 | D:4      | Reached skill level 4 in Transmutations
  3381 | D:4      | Reached XP level 7. HP: 45/45 MP: 11/11
  3643 | D:4      | Found an ornate altar of the Wu Jian Council.
  3808 | D:4      | Found a runed translucent door.
  3809 | D:4      | Noticed Crazy Yiuf
  4039 | D:4      | Noticed Ijyb
  4051 | D:4      | Killed Ijyb
  4097 | D:4      | Identified the ring of the Cast Vote {rPois rCorr}
  4356 | D:4      | Killed Crazy Yiuf
  4461 | D:5      | Entered Level 5 of the Dungeon
  4764 | D:6      | Reached skill level 5 in Transmutations
  4773 | D:6      | Reached XP level 8. HP: 39/52 MP: 5/13
  5129 | D:6      | Found a glowing drain.
  5142 | Sewer    | Entered a sewer
  5652 | D:6      | Reached skill level 6 in Transmutations
  5974 | D:6      | Reached skill level 5 in Unarmed Combat
  6183 | D:6      | Reached XP level 9. HP: 58/58 MP: 8/15
  7263 | D:5      | Reached skill level 7 in Transmutations
  7388 | D:5      | Reached skill level 5 in Dodging
  7914 | D:7      | Found a staircase to the Ecumenical Temple.
  7930 | Temple   | Entered the Ecumenical Temple
  7996 | Temple   | Became a worshipper of Gozag Ym Sagoz the Greedy
  8391 | D:7      | Reached skill level 5 in Spellcasting
  8749 | D:7      | Reached skill level 5 in Fighting
  9170 | D:7      | Reached XP level 10. HP: 50/61 MP: 9/17
  9171 | D:7      | Reached skill level 8 in Transmutations
  9730 | D:8      | Noticed Erica
 10265 | D:8      | Noticed a centaur warrior
 10268 | D:8      | Noticed a gargoyle
 10412 | D:8      | Killed Erica
 10489 | D:8      | Killed a centaur warrior
 10490 | D:8      | Reached skill level 9 in Transmutations
 10615 | D:7      | Bought the Opusculum on the Mercurial Boulder for 484 gold
                  | pieces
 10623 | D:7      | Learned a level 7 spell: Storm Form
 10631 | D:7      | Reached skill level 10 in Transmutations
 10631 | D:7      | Reached XP level 11. HP: 75/75 MP: 18/21
 10632 | D:7      | Reached XP level 12. HP: 81/81 MP: 18/22
 11175 | D:9      | Found a transporter.
 11175 | D:9      | Found a transporter.
 11177 | D:9      | Found a transporter.
 11315 | D:9      | Found Zepunt's Armour Shop.
 11315 | D:9      | Noticed a two-headed ogre
 11415 | D:9      | Paralysed by a hornet for 2 turns
 11421 | D:9      | Reached skill level 10 in Air Magic
 11674 | D:9      | Found a transporter.
 11775 | D:10     | Entered Level 10 of the Dungeon
 12006 | D:10     | Found Kasmustry's General Store.
 12436 | D:10     | Found a glowing golden altar of the Shining One.
 12820 | D:11     | Noticed a two-headed ogre
 12831 | D:11     | Killed a two-headed ogre
 12832 | D:11     | Reached XP level 13. HP: 74/86 MP: 17/23
 13140 | D:11     | a boulder beetle changed into an ice dragon
 13140 | D:11     | Noticed an ice dragon
 13365 | D:11     | Found a staircase to the Lair.
 13857 | Lair:1   | Entered Level 1 of the Lair of Beasts
 14415 | Lair:1   | Reached skill level 11 in Transmutations
 16380 | Lair:2   | Found a staircase to the Snake Pit.
 16479 | Lair:2   | Found a staircase to the Swamp.
 16643 | Lair:2   | Found a runed translucent door.
 16649 | Lair:2   | Noticed a tentacled starspawn
 17005 | Lair:3   | Reached skill level 12 in Transmutations
 17443 | Lair:3   | Killed by a magical explosion

Illustrated notes

Levels and vault maps discovered:
D:1:      ebering_trefoil_twist, layout_rooms, serial_aquarium,
          aquarium_bridge_square [aquarium_subvault_window,
          aquarium_subvault_wall, aquarium_subvault_bridge,
          aquarium_subvault_bridge], aquarium_window_1,
          aquarium_window_corridor_1, aquarium_window_double, aquarium_view_2b
D:2:      layout_loops_cross, basic_altar, serial_shops, shop,
          chequers_mini_garden, uniq_terence
D:3:      layout_basic, minmay_misc_feat_plants, uniq_sigmund
D:4:      kennysheep_goblin_castle, layout_loops_ring, lemuel_crystal_altar,
          uniq_crazy_yiuf_cottage
D:5:      lemuel_ratsnest, layout_gridville, minmay_misc_feat_diagonals
D:6:      layout_loops_corners, portal_sewer_entry_f, item_on_display_a
D:7:      layout_layer_cave, minmay_temple_entry_proselytizer,
          chequers_serial_rivers_micro_c, kennysheep_pointless_box, centaur_isle
D:8:      layout_loops_ring, minmay_manual_maat, uniq_erica
D:9:      layout_roguey [special_room_kobold], serial_shops, shop,
          nicolae_diode_quadrants
D:10:     layout_basic, lemuel_crystal_altar, serial_shops, shop
D:11:     layout_loops_corners, david_lair_generic
Temple:   nicolae_temple_slightly_damp_pantheon
Lair:1:   layout_concentric_octagons, minivault_25, beast_lair_carwin_9
Lair:2:   layout_misc_corridors, minmay_swamp_entry_reptiles,
          guppyfry_snake_entry_garden, pdpol_lair_cabin_in_the_woods
Lair:3:   layout_small_grid, beast_lair_carwin_5, serial_bayou_shore_a,
          grunt_megastairs_5

Skill      XL: |  1  2  3  4  5  6  7  8  9 10 11 12 13 |
---------------+----------------------------------------+-----
Ice Magic      | 1 2 3 4 |  4.0
Transmutations | 3 4 5 6 7 10 12 | 12.2
Fighting       | 2 3 4 5 7 |  7.6
Dodging        | 3 4 5 7 |  7.9
Spellcasting   | 3 4 5 6 8 |  8.0
Unarmed Combat | 4 5 6 7 8 |  8.1
Air Magic      | 4 9 10 11 | 11.8

Action                   |  1- 3 |  4- 6 |  7- 9 | 10-12 | 13-15 || total
-------------------------+-------+-------+-------+-------+-------++-------
Melee: Unarmed           |    79 |    49 |   355 |   243 |   326 ||  1052
       Constrict         |    20 |    11 |     3 |       |     2 ||    36
       Tentacles         |    17 |     8 |     5 |       |     1 ||    31
       Kick              |    16 |    10 |       |       |       ||    26
       Staff             |       |    22 |    11 |     3 |     6 ||    42
       Punch             |       |     1 |       |       |     4 ||     5
Throw: Throwing net      |       |       |       |       |     2 ||     2
 Cast: Beastly Appendage |    21 |    11 |       |       |       ||    32
       Wereblood         |    14 |    12 |    33 |    31 |    36 ||   126
       Ice Form          |       |     5 |    56 |    34 |    38 ||   133
       Storm Form        |       |       |       |       |     3 ||     3
Invok: Call Merchant     |       |       |     1 |     1 |       ||     2
       Potion Petition   |       |       |       |       |     1 ||     1
Evoke: Wand              |       |       |    22 |       |     1 ||    23
  Use: Scroll            |     5 |     4 |     2 |     7 |     6 ||    24
       Potion            |       |       |       |     2 |     2 ||     4
 Stab: Sleeping          |     2 |     5 |     2 |       |       ||     9
       Confused          |       |       |       |     1 |       ||     1
       Distracted        |       |       |       |       |     3 ||     3
Armor: Skin              |     7 |    10 |   117 |    57 |   102 ||   293
Dodge: Dodged            |    45 |    55 |   209 |   145 |   233 ||   687

Table legend: (Time is in decaauts)
 A = Elapsed time spent in this place.
 B = Non-inter-level travel time spent in this place.
 C = Inter-level travel time spent in this place.
 D = Time resting spent in this place.
 E = Time spent auto-exploring this place.
 F = Levels seen in this place.
 G = Mean time per level.
                   A        B        C        D        E       F      G
               +--------+--------+--------+--------+--------+-----+--------+
         Total |  17339 |  16699 |    640 |      8 |  13228 |  16 | 1083.7 |
       Dungeon |  13309 |  12812 |    497 |      8 |  10310 |  11 | 1209.9 |
        Temple |     87 |     72 |     15 |      0 |     55 |   1 |   87.0 |
          Lair |   3527 |   3399 |    128 |      0 |   2656 |   3 | 1175.7 |
         Sewer |    414 |    414 |      0 |      0 |    207 |   1 |  414.0 |
               +--------+--------+--------+--------+--------+-----+--------+

Top non-repeatable levels by time:
     D:7: 2043 daAuts
  Lair:1: 1726 daAuts
     D:4: 1501 daAuts
     D:6: 1499 daAuts
  Lair:2: 1317 daAuts
    D:11: 1212 daAuts
     D:3: 1172 daAuts
     D:8: 1117 daAuts
     D:5: 1117 daAuts
     D:9: 955 daAuts
     D:1: 941 daAuts
     D:2: 882 daAuts
    D:10: 865 daAuts
  Lair:3: 483 daAuts
   Sewer: 414 daAuts
